 Dungeon Crawl Stone Soup version 0.23.2 (webtiles) character file.

Game seed: 6971341100583814272

84 sagitran the Slasher (level 4, -4/35 HPs)
             Began as a Demonspawn Chaos Knight on Apr 2, 2019.
             Was a Plaything of Xom.
             Slain by a fire bat (9 damage)
             ... on level 2 of the Dungeon on Apr 6, 2019.
             The game lasted 00:09:51 (1519 turns).

sagitran the Slasher (Demonspawn Chaos Knight)      Turns: 1519, Time: 00:09:53

Health: -4/35      AC:  5    Str: 14    XL:     4   Next: 24%
Magic:  3/3        EV: 17    Int: 11    God:    Xom [*.....]
Gold:   114        SH:  0    Dex: 21    Spells: 2/3 levels left

rFire    . . .     SeeInvis .   a - +0 falchion (chaos)
rCold    . . .     Gourm    .   (no shield)
rNeg     . . .     Faith    .   b - +2 leather armour
rPois    .         Spirit   .   (no helmet)
rElec    .         Reflect  .   (no cloak)
rCorr    .         Harm     .   (no gloves)
MR       .....                  (no boots)
Stlth    ++++......             (no amulet)
HPRegen  0.11/turn              (no ring)
MPRegen  0.08/turn              (no ring)

@: agile, very slightly contaminated
A: thin skeletal structure 2, dopey 1, low mp 1, rot immunity
a: Renounce Religion


You were on level 2 of the Dungeon.
You worshipped Xom.
You were a special plaything of Xom.
You were very hungry.

You visited 1 branch of the dungeon, and saw 2 of its levels.

You collected 114 gold pieces.

Inventory:

Hand Weapons
 a - a +0 falchion of chaos (weapon)
Armour
 b - a +2 leather armour (worn)
Jewellery
 h - a +4 ring of intelligence {unknown}
Wands
 m - a wand of polymorph (11)
Scrolls
 e - 2 scrolls of identify {unknown}
 g - a scroll of enchant weapon {unknown}
 i - a scroll of remove curse {unknown}
 j - a scroll of amnesia {unknown}
 n - a scroll of magic mapping {unknown}
Potions
 d - a potion of agility
 f - a potion of brilliance {unknown}
 l - a potion of berserk rage {unknown}
 o - a potion of lignification {unknown}
Comestibles
 c - 3 rations
 k - a chunk of flesh


   Skills:
 + Level 3.4 Fighting
 + Level 3.8 Long Blades
 + Level 2.2 Armour
 + Level 1.6 Dodging


You had 2 spell levels left.
You knew the following spells:

 Your Spells              Type           Power        Failure   Level  Hunger
a - Animate Skeleton      Necr           N/A          41%         1    ##.....

Your spell library contained the following spells:

 Spells                   Type           Power        Failure   Level  Hunger
 Apportation              Tloc           #.....       41%         1    ##.....
 Confusing Touch          Hex            #.....       41%         1    ##.....
 Summon Small Mammal      Summ           #...         41%         1    ##.....


Dungeon Overview and Level Annotations

Branches:
Dungeon (2/15)

Altars:
Gozag
Makhleb
Uskayaw
Yredelemnul


Innate Abilities, Weirdness & Mutations

You have a moderately thin skeletal structure. (Dex +4, Stealth+)
You are immune to rotting.
You are dopey. (Int -2)
Your magical capacity is low. (-10% MP)


Message History

The fire bat is severely wounded.
The fire bat closely misses you.
You riposte.
You closely miss the fire bat.
The fire bat is severely wounded.
You completely miss the fire bat.
The fire bat is severely wounded.
The fire bat bites you but does no damage.
The fire bat bites you but does no damage.
The fire bat closely misses you.
You riposte.
You miss the fire bat.
The fire bat is severely wounded.
The fire bat bites you.
You are engulfed in flames.
* * * LOW HITPOINT WARNING * * *
The fire bat misses you.
It was a potion of agility.
You feel agile all of a sudden.
Xom thinks this is hilarious!
The fire bat bites you.
* * * LOW HITPOINT WARNING * * *
You are engulfed in flames!
You die...
Xom snickers!

#.# #.############ ########.#
#............# #........#
#.##########.# #.######.# #.# #.#
#######'#<...#.# #.# #.#
..........##.#.#####'####### #.#
..........##.#.............. #.#
..........##.#..b............ #.#
..........'.(#..@............ #.#
..........#..#............... #.#
######....#..#.##.............#.#
..............................#.#
.........##...................#.#
.........##.......##...######.#.#
.........##.....####...# #.#.#
.........#####.#.....#### #.#.#
.........# ###.#........#####.#.#


You could see a fire bat.

Vanquished Creatures
  2 adders (D:2)
  A worm (D:2)
  2 dart slugs (D:1)
  3 leopard geckos
  9 bats
  7 giant cockroaches (D:1)
  7 hobgoblins
  5 frilled lizards
  6 goblins
  6 kobolds
  8 rats
56 creatures vanquished.

Notes
Turn   | Place    | Note
-------+----------+-------------------------------------------
     0 | D:1      | sagitran the Demonspawn Chaos Knight began the quest for
                  | the Orb.
     0 | D:1      | Reached XP level 1. HP: 18/18 MP: 1/1
     3 | D:1      | Reached skill level 1 in Dodging
   106 | D:1      | XOM: divination: detect items
   108 | D:1      | Gained mutation: You are immune to rotting. [demonic
                  | ancestry]
   108 | D:1      | Reached XP level 2. HP: 20/24 MP: 2/2
   229 | D:1      | XOM: scenery: 1 doors open
   301 | D:1      | Noticed a shapeshifter
   301 | D:1      | a kobold changed into a shapeshifter
   301 | D:1      | Noticed an eye of draining
   301 | D:1      | a shapeshifter changed into an eye of draining
   336 | D:2      | Learned a level 1 spell: Animate Skeleton
   450 | D:1      | Gained mutation: You have a somewhat thin skeletal
                  | structure. (Dex +2, Stealth) [demonic ancestry]
   450 | D:1      | Reached XP level 3. HP: 26/29 MP: 1/3
   766 | D:1      | XOM: harmless Erth miscast
  1012 | D:1      | XOM: severe Hex miscast
  1055 | D:2      | Gained mutation: You are dopey. (Int -2) [mutagenic glow]
  1181 | D:2      | XOM: confuse monster(s)
  1191 | D:2      | Gained mutation: You have a moderately thin skeletal
                  | structure. (Dex +4, Stealth+) [demonic ancestry]
  1191 | D:2      | Reached XP level 4. HP: 35/35 MP: 4/4
  1267 | D:2      | Noticed a +0 dagger
  1268 | D:2      | Noticed a +0 hand axe
  1270 | D:2      | Found a hide-covered altar of Uskayaw.
  1348 | D:2      | Found a basalt altar of Yredelemnul.
  1410 | D:2      | Found a burning altar of Makhleb.
  1410 | D:2      | Noticed a blizzard demon
  1450 | D:2      | Found an opulent altar of Gozag.
  1498 | D:2      | Noticed a fire bat
  1498 | D:2      | a worm changed into a fire bat
  1501 | D:2      | XOM: severe Tloc miscast
  1513 | D:2      | Gained mutation: Your magical capacity is low. (-10% MP)
                  | [mutagenic glow]
  1519 | D:2      | Slain by a fire bat

Skill      XL: |  1  2 |
---------------+-------+-----
Dodging        | 1 |  1.6
Long Blades    | 3 |  3.8
Armour         | 2 |  2.2
Fighting       | |  3.4

Action                   |  1- 3 |  4- 6 || total
-------------------------+-------+-------++-------
Melee: Falchion          |   138 |    39 ||   177
 Cast: Animate Skeleton  |     1 |       ||     1
  Use: Scroll            |     1 |       ||     1
       Potion            |       |     1 ||     1
 Stab: Sleeping          |     1 |       ||     1
       Confused          |       |     2 ||     2
  Eat: Chunk             |     1 |       ||     1
Armor: Leather armour    |    92 |    24 ||   116
Dodge: Dodged            |    99 |    32 ||   131
       Rpst.: Falchion   |    28 |     8 ||    36
